 Dungeon Crawl Stone Soup version 0.31-a0-1074-g0b22e4e0f1 (webtiles) character file.

Game seed: 10155024831140876013

686 croobank the Changeling (level 7, 0/46 HPs)
             Began as an Octopode Shapeshifter on Dec 7, 2023.
             Was an Initiate of Gozag.
             Hit by a large rock thrown by a cyclops (20 damage)
             ... on level 6 of the Dungeon.
             The game lasted 00:08:13 (4717 turns).

croobank the Changeling (Octopode Shapeshifter)     Turns: 4717, Time: 00:08:14

Health: 0/46       AC:  1    Str: 13    XL:     7   Next: 62%
Magic:  7/7        EV: 14    Int: 14    God:    Gozag
Gold:   322        SH:  0    Dex: 12    Spells: 6/6 levels left

rFire   . . .        n - +5 hand axe "Jeubakueg" {drain, Will+ rCorr}
rCold   . . .        (no shield)
rNeg    . . .        (helmet currently unavailable)
rPois   .            (no amulet)
rElec   .            (no ring)
rCorr   +            (no ring)
SInv    .            (no ring)
Will    +....        (no ring)
Stlth   ++           (no ring)
HPRegen 0.27/turn    (no ring)
MPRegen 0.10/turn    (no ring)
                     (no ring)

%: no passive effects
@: beast-form, gold aura
A: beast (slay +3), almost no armour, amphibious, 8 rings, camouflage 1,
gelatinous body 1, (nimble swimmer 1), tentacles
a: Begin Untransformation, Renounce Religion, Potion Petition, Call Merchant,
Bribe Branch


You were on level 6 of the Dungeon.
You worshipped Gozag.
Gozag was aware of your devotion.
You were a hulking beast.
You visited 2 branches of the dungeon, and saw 7 of its levels.

You collected 348 gold pieces.
You paid 26 gold pieces to Gozag.

Inventory:

Hand Weapons
 d - a +0 sling
 e - a +0 flail
 g - a +4 hand axe
 i - a +0 dagger
 k - a +0 falchion
 n - the +5 hand axe "Jeubakueg" (weapon) {drain, Will+ rCorr}
   (You found it on level 3 of the Dungeon)

   Will+:     It increases your willpower.
   rCorr:     It protects you from acid and corrosion.
 w - a +0 spear of venom
Missiles
 l - a throwing net (quivered)
 s - 12 poisoned darts
 u - 2 boomerangs
Talismans
 b - a beast talisman
 c - a flux talisman
 m - a serpent talisman
Wands
 y - a wand of iceblast (9)
Scrolls
 j - 2 scrolls of blinking
 o - 3 scrolls of identify {unknown}
 p - a scroll of immolation {unknown}
 r - a scroll of poison
 t - a scroll of vulnerability
 x - a scroll of teleportation {unknown}
Potions
 a - 3 potions of lignification
 f - a potion of curing {unknown}
 h - a potion of degeneration {unknown}
 q - a potion of brilliance {unknown}
 v - a potion of resistance {unknown}
 z - 2 potions of ambrosia {unknown}
 A - a potion of haste {unknown}


   Skills:
 + Level 3.5 Fighting
 + Level 3.0 Axes
 + Level 4.0 Dodging
 - Level 3.3 Unarmed Combat
 * Level 5.5 Shapeshifting


You had 6 spell levels left.
You didn't know any spells.
Your spell library contained the following spells:

 Spells                   Type           Power      Damage    Failure   Level
 Apportation              Tloc           0%         N/A       28%         1
 Necrotise                Necr           0%         1d4       28%         1
 Summon Small Mammal      Summ           0%         N/A       28%         1


Dungeon Overview and Level Annotations

Branches:
Dungeon (6/15)             Temple (1/1) D:4

Altars:
Dithmenos
Elyvilon
Gozag
Kikubaaqudgha
Makhleb
Nemelex Xobeh
Okawaru
Ru
Sif Muna
Uskayaw
Vehumet
Wu Jian
Xom
Yredelemnul
Zin
The Shining One

Shops:
D:5 (


Innate Abilities, Weirdness & Mutations

You are a hulking beast.
Your limbs bulge with bestial killing power. (Slay +3)
You cannot wear most types of armour.
You are amphibious.
You can wear up to eight rings at the same time.
Your skin changes colour to match your surroundings (Stealth+).
Your rubbery body absorbs attacks. (AC +1, EV +1)
((You are camouflaged when in or above water. (Stealth+)))
You have tentacles for arms and can constrict up to eight enemies at once.


Message History

You now have 314 gold pieces (gained 7).
Things that are here:
a +0 dagger; a +0 leather armour A white imp comes into view.
A white imp is nearby!
A white imp is nearby!
The helpless white imp fails to defend itself.
You hit the white imp but do no damage. You grab the white imp.
You squeeze the white imp!
The white imp is severely wounded.
You constrict the white imp.
The white imp hits you but does no damage.
You hit the white imp. You squeeze the white imp.
You kill the white imp!
You now have 322 gold pieces (gained 8).
Done exploring.
Done exploring.
You see here a +0 whip.
There is a stone staircase leading down here.
You climb downwards.
There is a stone staircase leading up here.
A hound is nearby!
A hound is nearby!
A cyclops comes into view.
Found a book of Spatial Translocations and an orcbow.
You hit the hound. You drain the hound. You grab the hound.
You squeeze the hound.
The hound is severely wounded.
You constrict the hound.
The cyclops shouts!
The hound bites you. The hound misses you.
You hit the hound. You drain the hound.
You kill the hound!
The cyclops throws a large rock.
The large rock hits you!!
Ouch! That really hurt!
Your Axes skill increases to level 3!
You are too injured to fight recklessly!
The cyclops throws a large rock.
The large rock hits you!!
You die...
Your body crumbles into a pile of gold.

#..........
#..C.......
#..........
#..........
#...$......
#..........
#.........:
##..........
#h..........
#...........
............
##...........
...#########
###.# #+#


You could see a cyclops.

Vanquished Creatures
  A phantom (D:4)
  An orc priest (D:3)
  2 hounds
  2 sleepcaps
  Jessica (D:2)
  3 gnoll boudas
  An iguana (D:5)
  An orc wizard (D:3)
  21 gnolls
  3 adders
  A white imp (D:5)
  2 worms (D:2)
  A dart slug (D:2)
  4 orcs
  3 bats
  6 endoplasms
  6 giant cockroaches
  2 goblins (D:2)
  4 hobgoblins
  2 jackals (D:2)
  A quokka (D:1)
  6 ball pythons
  12 kobolds
  A rat (D:1)
87 creatures vanquished.

Notes
Turn   | Place    | Note
-------+----------+-------------------------------------------
     0 | D:1      | croobank the Octopode Shapeshifter began the quest for the
                  | Orb.
     0 | D:1      | Reached XP level 1. HP: 13/13 MP: 1/1
   214 | D:1      | Reached XP level 2. HP: 18/18 MP: 2/2
   351 | D:1      | Reached XP level 3. HP: 23/23 MP: 3/3
  1182 | D:2      | Noticed Jessica
  1192 | D:2      | Killed Jessica
  1193 | D:2      | Reached XP level 4. HP: 27/29 MP: 4/4
  1648 | D:4      | Reached skill level 1 in Axes
  1648 | D:4      | Reached skill level 4 in Shapeshifting
  1759 | D:4      | Reached XP level 5. HP: 22/34 MP: 5/5
  1943 | D:3      | Identified the +5 hand axe "Jeubakueg" {drain, Will+ rCorr}
  2006 | D:3      | Reached XP level 6. HP: 41/41 MP: 6/6
  2310 | D:4      | Found a radiant altar of Vehumet.
  2311 | D:4      | Found a shadowy altar of Dithmenos.
  2311 | D:4      | Found an iron altar of Okawaru.
  2312 | D:4      | Found a white marble altar of Elyvilon.
  2315 | D:4      | Found the +3 pair of seven-league boots {Rampage+∞}
  2395 | D:4      | Found a staircase to the Ecumenical Temple.
  2399 | Temple   | Entered the Ecumenical Temple
  2408 | Temple   | Became a worshipper of Gozag Ym Sagoz the Greedy
  2931 | D:4      | Reached skill level 5 in Shapeshifting
  2933 | D:4      | Reached XP level 7. HP: 44/46 MP: 7/7
  3166 | D:4      | Found an ornate altar of the Wu Jian Council.
  3395 | D:4      | Found a glowing silver altar of Zin.
  3554 | D:5      | Entered Level 5 of the Dungeon
  3990 | D:5      | Found Weantal's Antique Weapon Emporium.
  4711 | D:6      | Noticed a cyclops
  4717 | D:6      | Hit by a large rock thrown by a cyclops

Illustrated notes

Levels and vault maps discovered:
D:1:      ncdulo_watergridlock, layout_basic
D:2:      layout_loops_cross, minivault_26, amcnicky_mini_corridor_feature,
          uniq_jessica
D:3:      layout_basic
D:4:      layout_basic, nicolae_wu_jian_immortal_techniques, lemuel_round_altar,
          chequers_temple_overflow_statue_of_worship,
          minmay_temple_entry_glassed_door
D:5:      layout_basic, serial_shops, shop
D:6:      layout_basic, nzn_hepliaklqana_mist_gate, jmf_multi_god_temple2,
          minmay_microvault, uniq_sigmund, uniq_eustachio
Temple:   hellmonk_temple_flake

Skill      XL: |  1  2  3  4  5  6  7 |
---------------+----------------------+-----
Fighting       | 2 3 |  3.5
Axes           | 1 2 3 |  3.0
Shapeshifting  | 4 5 |  5.5
Dodging        | 3 4 |  4.0
Unarmed Combat | |  3.3

Action                     |  1- 3 |  4- 6 |  7- 9 || total
---------------------------+-------+-------+-------++-------
  Melee: Unarmed           |    60 |    22 |       ||    82
         Constrict         |    15 |    19 |    10 ||    44
         Tentacles         |    11 |    19 |    12 ||    42
         Punch             |     2 |       |       ||     2
         Hand axe          |       |    60 |    33 ||    93
    Use: Scroll            |     6 |     2 |       ||     8
   Stab: Sleeping          |     4 |     2 |     2 ||     8
 Armour: Skin              |    22 |    33 |    18 ||    73
  Dodge: Dodged            |    38 |    57 |    19 ||   114

Table legend: (Time is in decaauts)
 A = Elapsed time spent in this place.
 B = Non-inter-level travel time spent in this place.
 C = Inter-level travel time spent in this place.
 D = Time resting spent in this place.
 E = Time spent auto-exploring this place.
 F = Levels seen in this place.
 G = Mean time per level.
                   A        B        C        D        E       F      G
               +--------+--------+--------+--------+--------+-----+--------+
         Total |   4731 |   4532 |    199 |    677 |   3015 |   7 |  675.9 |
       Dungeon |   4712 |   4522 |    190 |    677 |   3015 |   6 |  785.3 |
        Temple |     18 |      9 |      9 |      0 |      0 |   1 |   18.0 |
               +--------+--------+--------+--------+--------+-----+--------+

Top non-repeatable levels by time:
     D:4: 1518 daAuts
     D:5: 1077 daAuts
     D:1: 764 daAuts
     D:2: 701 daAuts
     D:3: 640 daAuts
  Temple: 18 daAuts
     D:6: 9 daAuts
